Workbook
Name FRS_MASSIF_EXOTIQUE: 'BASE DE DONNEES'!$C$41:$C$53
Name FRS_MASSIF_PAYS: 'BASE DE DONNEES'!$C$4:$C$30
Name FRS_PANNEAUX_3_PLIS: 'BASE DE DONNEES'!$C$169:$C$247
Name FRS_PANNEAUX_CONTREPLAQUES: 'BASE DE DONNEES'!$C$77:$C$121
Name FRS_PANNEAUX_DE_PARTICULES: 'BASE DE DONNEES'!$C$56:$C$73
Name FRS_PANNEAUX_MDF: 'BASE DE DONNEES'!$C$125:$C$144
Name FRS_PANNEAUX_MELAMINES: 'BASE DE DONNEES'!$C$148:$C$150
Name FRS_PLACAGES: 'BASE DE DONNEES'!$C$154:$C$163
Name MASSIF_EXOTIQUE: 'BASE DE DONNEES'!$B$41:$B$53
Name MASSIF_PAYS: 'BASE DE DONNEES'!$B$4:$B$30
Name PANNEAUX_3_PLIS: 'BASE DE DONNEES'!$B$169:$B$247
Name PANNEAUX_CONTREPLAQUES: 'BASE DE DONNEES'!$B$77:$B$121
Name PANNEAUX_DE_PARTICULES: 'BASE DE DONNEES'!$B$56:$B$73
Name PANNEAUX_MDF: 'BASE DE DONNEES'!$B$125:$B$144
Name PANNEAUX_MELAMINES: 'BASE DE DONNEES'!$B$148:$B$150
Name PLACAGES: 'BASE DE DONNEES'!$B$154:$B$163
Name PU_ACHAT_MASSIF_EXOTIQUE: 'BASE DE DONNEES'!$D$41:$D$53
Name PU_ACHAT_MASSIF_PAYS: 'BASE DE DONNEES'!$D$4:$D$30
Name PU_ACHAT_PANNEAUX_3_PLIS: 'BASE DE DONNEES'!$D$169:$D$247
Name PU_ACHAT_PANNEAUX_CONTREPLAQUES: 'BASE DE DONNEES'!$D$77:$D$121
Name PU_ACHAT_PANNEAUX_DE_PARTICULES: 'BASE DE DONNEES'!$D$56:$D$73
Name PU_ACHAT_PANNEAUX_MDF: 'BASE DE DONNEES'!$D$125:$D$144
Name PU_ACHAT_PANNEAUX_MELAMINES: 'BASE DE DONNEES'!$D$148:$D$150
Name SOUS_ENSEMBLES: 'BASE DE DONNEES'!$A$256:$A$266

Sheet modèle
A1: Quantité a fabriquer
A5: FOURNITURES
A7: BOIS
A9: Code fo | B9: Sous ensemble | C9: Désignation | D9: Fournisseur | E9: PU achat | F9: remise pro | G9: U | H9: Qt | I9: marge | J9: Prix de vente | Q9: coeff de marge
Q10: 0
B11: PANNEAUX_MELAMINES | C11: MELAMINE BLANC 2800 X 2070 ep 19 mm | D11: panofrance | E11: ? | F11: 0 | H11: 1 | I11: 1.35 | J11: =((E11-(F11*E11))*H11)*I11 -> #VALUE! | Q11: 1.25
J12: =((E12-(F12*E12))*H12)*I12 -> 0 | Q12: 1.35
J13: =((E13-(F13*E13))*H13)*I13 -> 0 | Q13: 1.5
J14: =((E14-(F14*E14))*H14)*I14 -> 0 | Q14: 2
J15: =((E15-(F15*E15))*H15)*I15 -> 0
J16: =((E16-(F16*E16))*H16)*I16 -> 0
J17: =((E17-(F17*E17))*H17)*I17 -> 0
J18: =((E18-(F18*E18))*H18)*I18 -> 0
H20: TOTAL BOIS | J20: =SUM(J11:J18) -> #VALUE!
A22: MATERIAUX
A24: Code fo | B24: Sous ensemble | C24: Désignation | D24: Fournisseur | E24: PU achat | F24: remise pro | G24: U | H24: Qt | I24: marge | J24: Prix de vente
E26: 100 | F26: 0 | H26: 1 | I26: 1.5 | J26: =((E26-(F26*E26))*H26)*I26 -> 150
I27: 0 | J27: =((E27-(F27*E27))*H27)*I27 -> 0
I28: 0 | J28: =((E28-(F28*E28))*H28)*I28 -> 0
I29: 0 | J29: =((E29-(F29*E29))*H29)*I29 -> 0
I30: 0 | J30: =((E30-(F30*E30))*H30)*I30 -> 0
I31: 0 | J31: =((E31-(F31*E31))*H31)*I31 -> 0
I32: 0 | J32: =((E32-(F32*E32))*H32)*I32 -> 0
I33: 0 | J33: =((E33-(F33*E33))*H33)*I33 -> 0
H35: TOTAL MATERIAUX | J35: =SUM(J26:J33) -> 150
A37: QUINCAILLERIE
A39: Code fo | B39: Sous ensemble | C39: Désignation | D39: Fournisseur | E39: PU achat | F39: remise pro | G39: U | H39: Qt | I39: marge | J39: Prix de vente
E41: 100 | F41: 0.1 | H41: 1 | I41: 1.25 | J41: =((E41-(F41*E41))*H41)*I41 -> 112.5
I42: 0 | J42: =((E42-(F42*E42))*H42)*I42 -> 0
I43: 0 | J43: =((E43-(F43*E43))*H43)*I43 -> 0
I44: 0 | J44: =((E44-(F44*E44))*H44)*I44 -> 0
I45: 0 | J45: =((E45-(F45*E45))*H45)*I45 -> 0
I46: 0 | J46: =((E46-(F46*E46))*H46)*I46 -> 0
I47: 0 | J47: =((E47-(F47*E47))*H47)*I47 -> 0
I48: 0 | J48: =((E48-(F48*E48))*H48)*I48 -> 0
G50: TOTAL QUINCAILLERIE | J50: =SUM(J41:J48) -> 112.5
A53: MAIN D'ŒUVRE ATELIER
A55: Désignation | E55: Heure | F55: Prix revient | H55: Prix de vente | I55: Total revient | J55: Total vente
A57: Ouvrier qualifié atelier | E57: =$B$119 -> 0 | F57: 35 | H57: 45 | I57: =E57*F57 -> 0 | J57: =E57*H57 -> 0
A58: Apprentis atelier | E58: =$C$119 -> 0 | F58: 7 | H58: 15 | I58: =E58*F58 -> 0 | J58: =E58*H58 -> 0
A59: Sous traitant | E59: =$D$119 -> 0 | F59: 25 | H59: 45 | I59: =E59*F59 -> 0 | J59: =E59*H59 -> 0
I61: =SUM(I57:I59) -> 0 | J61: =SUM(J57:J59) -> 0
A66: MAIN D'ŒUVRE POSE
A68: Désignation | E68: Heure | F68: Prix revient | H68: Prix de vente | I68: Total revient | J68: Total vente
A70: Ouvrier qualifié pose | E70: =$H$119 -> 0 | F70: 35 | H70: 45 | I70: =E70*F70 -> 0 | J70: =E70*H70 -> 0
A71: Apprentis pose | E71: =$I$119 -> 0 | F71: 7 | H71: 15 | I71: =E71*F71 -> 0 | J71: =E71*H71 -> 0
A72: Sous traitant | E72: =$J$119 -> 0 | F72: 25 | H72: 45 | I72: =E72*F72 -> 0 | J72: =E72*H72 -> 0
A73: Intérimaire manœuvre | E73: =$K$119 -> 0 | F73: 22 | H73: 30 | I73: =E73*F73 -> 0 | J73: =E73*H73 -> 0
I75: =SUM(I70:I73) -> 0 | J75: =SUM(J70:J73) -> 0
H79: TOTAL VENTE
H80: TOTAL FOURNITURES | J80: =J20+J35+J61+J75 -> #VALUE!
H81: TOTAL MAIN D ŒUVRE | J81: =J61+J75 -> 0
H82: PRIX DE VENTE H.T | J82: =J80+J81 -> #VALUE!
A85: CALCUL DES HEURES
A89: MAIN D'ŒUVRE ATELIER | F89: MAIN D'ŒUVRE CHANTIER
A91: Opération | B91: Tps qualifié | C91: Tps apprentis | D91: Tps sous traitant | F91: Opération | H91: Tps qualifié | I91: Tps apprentis | J91: Tps sous traitant | K91: Tps sous intérim
A119: TOTAL | B119: =SUM(B93:B117) -> 0 | C119: =SUM(C93:C117) -> 0 | D119: =SUM(D93:D117) -> 0 | F119: TOTAL | H119: =SUM(H93:H117) -> 0 | I119: =SUM(I93:I117) -> 0 | J119: =SUM(J93:J117) -> 0 | K119: =SUM(K93:K117) -> 0

Sheet BASE DE DONNEES
A1: sous ensemble | B1: Désignation | C1: Fournisseur | D1: PU achat | E1: U
B3: MASSIF_PAYS
A4: MASSIF PAYS | B4: CHENE BME 18 mm prix public | C4: dispano | D4: 1840.16 | E4: m3
A5: MASSIF PAYS | B5: CHENE BME 27 mm prix public | C5: dispano | D5: 1697 | E5: m3
A6: MASSIF PAYS | B6: CHENE BME 34 mm prix public | C6: dispano | D6: 1697 | E6: m3
A7: MASSIF PAYS | B7: CHENE BME 41 mm prix public | C7: dispano | D7: 1811 | E7: m3
A8: MASSIF PAYS | B8: CHENE BME 45 mm prix public | C8: dispano | D8: 1825 | E8: m3
A9: MASSIF PAYS | B9: CHENE BME 54 mm prix public | C9: dispano | D9: 1925 | E9: m3
A10: MASSIF PAYS | B10: CHENE BME 65 mm prix public | C10: dispano | D10: 2039 | E10: m3
A11: MASSIF PAYS | B11: CHENE 80 mm prix public | C11: dispano | D11: 2225 | E11: m3
A12: MASSIF PAYS | B12: NOYER FR 27 mm prix public | C12: dispano | D12: 3814 | E12: m3
A13: MASSIF PAYS | B13: NOYER FR 34 mm prix public | C13: dispano | D13: 4062 | E13: m3
A14: MASSIF PAYS | B14: NOYER FR 45 mm prix public | C14: dispano | D14: 4062 | E14: m3
A15: MASSIF PAYS | B15: NOYER FR 54 mm prix public | C15: dispano | D15: 3814 | E15: m3
... A31: MASSIF PAYS | B31: FRENE 80 mm | C31: dispano | D31: 1091 | E31: m3
B40: MASSIF_ EXOTIQUE
A41: MASSIF EXOTIQUE | B41: FRAKE AVIVE BARIOLE 27 mm | C41: point p | D41: 891 | E41: m3
A42: MASSIF EXOTIQUE | B42: FRAKE AVIVE BARIOLE 34 mm | C42: point p | D42: 636 | E42: m3
A43: MASSIF EXOTIQUE | B43: FRAKE AVIVE BARIOLE 41 mm | C43: point p | D43: 636 | E43: m3
A44: MASSIF EXOTIQUE | B44: FRAKE AVIVE BARIOLE 45 mm | C44: point p | D44: 636 | E44: m3
A45: MASSIF EXOTIQUE | B45: FRAKE AVIVE BARIOLE 54 mm | C45: point p | D45: 636 | E45: m3
A46: MASSIF EXOTIQUE | B46: FRAKE AVIVE BARIOLE 65 mm | C46: point p | D46: 636 | E46: m3
A47: MASSIF EXOTIQUE | B47: NIANGON 27 mm | C47: point p | D47: 826 | E47: m3
A48: MASSIF EXOTIQUE | B48: NIANGON 34 mm | C48: point p | D48: 826 | E48: m3
A49: MASSIF EXOTIQUE | B49: NIANGON 41 mm | C49: point p | D49: 826 | E49: m3
A50: MASSIF EXOTIQUE | B50: NIANGON 45 mm | C50: point p | D50: 826 | E50: m3
A51: MASSIF EXOTIQUE | B51: NIANGON 54 mm | C51: point p | D51: 826 | E51: m3
A52: MASSIF EXOTIQUE | B52: NIANGON 65 mm | C52: point p | D52: 826 | E52: m3
A53: MASSIF EXOTIQUE | B53: NIANGON 80 mm | C53: point p | D53: 826 | E53: m3
B55: PANNEAUX_DE_PARTICULES
A56: PANNEAUX DE PARTICULES | B56: AGGLOMERES HYDRO 2800 x 2070 ep 12 mm | C56: point p | D56: 168.084
A57: PANNEAUX DE PARTICULES | B57: AGGLOMERES HYDRO 2800 x 2070 ep 16 mm | C57: point p | D57: 205.06248 | E57: U
A58: PANNEAUX DE PARTICULES | B58: AGGLOMERES HYDRO 2800 x 2070 ep 19 mm | C58: point p | D58: 215.14752 | E58: U
A59: PANNEAUX DE PARTICULES | B59: AGGLOMERES HYDRO 2800 x 2070 ep 22 mm | C59: point p | D59: 43.47 | E59: U
A60: PANNEAUX DE PARTICULES | B60: AGGLOMERES HYDRO 3050 X 1850 ep 16 mm | C60: point p | D60: 36.1524 | E60: U
A61: PANNEAUX DE PARTICULES | B61: AGGLOMERES HYDRO 3050 X 1850 ep 19 mm | C61: point p | D61: 38.2956 | E61: U
A62: PANNEAUX DE PARTICULES | B62: AGGLOMERES HYDRO 3050 X 1850 ep 22 mm | C62: point p | D62: 44.6688 | E62: U
A63: PANNEAUX DE PARTICULES | B63: AGGLOMERES HYDRO 3050 X 1850 ep 30 mm | C63: point p | D63: 62.2092 | E63: U
A64: PANNEAUX DE PARTICULES | B64: AGGLOMERES M1 2800 x 2070 ep 19 mm | C64: point p | D64: 56.2212 | E64: U
A65: PANNEAUX DE PARTICULES | B65: AGGLOMERES STD 2800 x 2070 ep 10 mm | C65: point p | D65: 21.67704 | E65: U
A66: PANNEAUX DE PARTICULES | B66: AGGLOMERES STD 2800 x 2070 ep 12 mm | C66: point p | D66: 22.95216 | E66: U
A67: PANNEAUX DE PARTICULES | B67: AGGLOMERES STD 2800 x 2070 ep 16 mm | C67: point p | D67: 24.28524 | E67: U
A68: PANNEAUX DE PARTICULES | B68: AGGLOMERES STD 2800 x 2070 ep 19 mm | C68: point p | D68: 27.41508 | E68: U
... A73: PANNEAUX DE PARTICULES | B73: CONTREBALANCEMENT BLANC 3050 X 1300 | C73: panofrance | D73: 14.45 | E73: U
B76: PANNEAUX_CONTREPLAQUES
A77: PANNEAUX CONTREPLAQUES | B77: CP OKOUME - CTB X - 2500 X 1220 ep 10 mm | C77: point p | D77: 39.6805 | E77: U
A78: PANNEAUX CONTREPLAQUES | B78: CP OKOUME - CTB X - 2500 X 1220 ep 12 mm | C78: point p | D78: 51.24 | E78: U
A79: PANNEAUX CONTREPLAQUES | B79: CP OKOUME - CTB X - 2500 X 1220 ep 15 mm | C79: point p | D79: 58.3465 | E79: U
A80: PANNEAUX CONTREPLAQUES | B80: CP OKOUME - CTB X - 2500 X 1220 ep 18 mm | C80: point p | D80: 69.967 | E80: U
A81: PANNEAUX CONTREPLAQUES | B81: CP OKOUME - CTB X - 2500 X 1220 ep 22 | C81: point p | D81: 87.291 | E81: U
A82: PANNEAUX CONTREPLAQUES | B82: CP OKOUME - CTB X - 2500 X 1220 ep 25 mm | C82: point p | D82: 99.247 | E82: U
A83: PANNEAUX CONTREPLAQUES | B83: CP OKOUME - CTB X - 2500 X 1220 ep 5mm | C83: point p | D83: 23.973 | E83: U
A84: PANNEAUX CONTREPLAQUES | B84: CP OKOUME - CTB X - 2500 X 1220 ep 8 mm | C84: point p | D84: 37.454 | E84: U
A85: PANNEAUX CONTREPLAQUES | B85: CP OKOUME - CTB X - 3100 X 1530 ep 10 mm | C85: point p | D85: 69.678 | E85: U
A86: PANNEAUX CONTREPLAQUES | B86: CP OKOUME - CTB X - 3100 X 1530 ep 12 mm | C86: point p | D86: 87.927 | E86: U
A87: PANNEAUX CONTREPLAQUES | B87: CP OKOUME - CTB X - 3100 X 1530 ep 15 mm | C87: point p | D87: 102.4788 | E87: U
A88: PANNEAUX CONTREPLAQUES | B88: CP OKOUME - CTB X - 3100 X 1530 ep 18 mm | C88: point p | D88: 122.9082 | E88: U
... A121: PANNEAUX CONTREPLAQUES | B121: LATTE NOYER - 2500 X 1530 - A/B ep 19 mm | C121: point p | D121: 259.76 | E121: U
B124: PANNEAUX_MDF
A125: PANNEAUX MDF | B125: MDF FINLIGHT - 2830 X 2050 ep 38 mm | C125: point p | D125: 104.42 | E125: U
A126: PANNEAUX MDF | B126: MDF HYDRO - 2800 X 2070 ep 19 mm | C126: point p | D126: 64.43 | E126: U
A127: PANNEAUX MDF | B127: MDF HYDRO - 3660 X 1850 ep 12 mm | C127: point p | D127: 47.39 | E127: U
A128: PANNEAUX MDF | B128: MDF M1 - 2800 X 2070 ep 19 mm | C128: point p | D128: 110.12 | E128: U
A129: PANNEAUX MDF | B129: MDF PLAQUE CHENE - 3020 X 1200 ep 19 mm | C129: point p | D129: 76.1 | E129: U
A130: PANNEAUX MDF | B130: MDF PLAQUE FRENE - 3020 X 1200 ep 19 mm | C130: point p | D130: 90.6 | E130: U
A131: PANNEAUX MDF | B131: MDF STD - 2800 X 2070 ep 10 mm | C131: point p | D131: 28.6902 | E131: U
A132: PANNEAUX MDF | B132: MDF STD - 2800 X 2070 ep 12 mm | C132: point p | D132: 29.96532 | E132: U
A133: PANNEAUX MDF | B133: MDF STD - 2800 X 2070 ep 16 mm | C133: point p | D133: 38.2536 | E133: U
A134: PANNEAUX MDF | B134: MDF STD - 2800 X 2070 ep 19 mm | C134: point p | D134: 45.44064 | E134: U
A135: PANNEAUX MDF | B135: MDF STD - 2800 X 2070 ep 22 mm | C135: point p | D135: 52.68564 | E135: U
A136: PANNEAUX MDF | B136: MDF STD - 2800 X 2070 ep 25 mm | C136: point p | D136: 60.2784 | E136: U
... A144: PANNEAUX MDF | B144: MDF TEINTE NOIR - 2800 X 2100 ep 19 mm | C144: point p | D144: 117.6 | E144: U
B147: PANNEAUX_MELAMINES
A148: PANNEAUX | B148: MELAMINE BLANC 2800 X 2070 ep 19 mm | C148: dispano | D148: 25 | E148: U
A149: PANNEAUX | B149: MELAMINE EGGER prix haut 2800 X 2070 ep 19 mm | C149: panofrance | D149: 69.49 | E149: U
A150: PANNEAUX | B150: MELAMINE POLYREY prix haut 2800 x 2070 ep 19 mm | C150: panofrance | D150: 84.67 | E150: U
B153: PLACAGES_STRATIFIES
A154: PLACAGES_STRATIFIES | B154: PLACAGE ACAJOU D'AFRIQUE RAMAGEUX EBENIS 3050 X 1270 | C154: point p | E154: U
A155: PLACAGES_STRATIFIES | B155: PLACAGE CHATAIGNIER 3050 X 1270 | C155: point p | E155: U
A156: PLACAGES_STRATIFIES | B156: PLACAGE CHENE DE FIL 8/10° 3050 X 1270 | C156: point p | E156: U
A157: PLACAGES_STRATIFIES | B157: PLACAGE ERABLE CANADIEN 3050 X 1270 | C157: point p | E157: U
A158: PLACAGES_STRATIFIES | B158: PLACAGE FRENE 3050 X 1270 | C158: point p | E158: U
A159: PLACAGES_STRATIFIES | B159: PLACAGE HETRE ETUVE 3050 X 1270 | C159: point p | E159: U
A160: PLACAGES_STRATIFIES | B160: PLACAGE MERISIER US 3050 X 1270 | C160: point p | E160: U
A161: PLACAGES_STRATIFIES | B161: PLACAGE NOYER US RAMAGEUX 3050 X 1270 | C161: point p | E161: U
A162: PLACAGES_STRATIFIES | B162: PLACAGE SYCOMORE 3050 X 1270 | C162: point p | E162: U
A163: PLACAGES_STRATIFIES | B163: PLACAGE WENGE DE FIL RECONSTITUE 3050 X1270 | C163: point p | E163: U
A164: PLACAGES_STRATIFIES | B164: STRATIFIE EGGER prix haut 2800 X 1310 | C164: panofrance | D164: 52.25 | E164: U
A165: PLACAGES_STRATIFIES | B165: STRATIFIE POLYREY prix haut 2800 x 1240 | C165: panofrance | D165: 65.83 | E165: U
B168: PANNEAUX_3_PLIS
A169: PANNEAUX | B169: TROIS PLIS EPICEA 5000 X 2050 ep 12 mm | C169: point p | D169: 212.68 | E169: U
A170: PANNEAUX | B170: TROIS PLIS EPICEA 5000 X 2050 ep 16 mm | C170: point p | D170: 220.5 | E170: U
A171: PANNEAUX | B171: TROIS PLIS EPICEA 5000 X 2050 ep 19 mm | C171: point p | D171: 199.5 | E171: U
A172: PANNEAUX | B172: TROIS PLIS EPICEA 5000 X 2050 ep 32 mm | C172: point p | D172: 288 | E172: U
A173: PANNEAUX | B173: TROIS PLIS EPICEA 5000 X 2050 ep 35 mm | C173: point p | D173: 357 | E173: U
A174: PANNEAUX | B174: TROIS PLIS EPICEA 5000 X 2050 ep 42 mm | C174: point p | D174: 462 | E174: U
A175: PANNEAUX | B175: TROISPLIS EPICEA 5000 X 2050 ep 22 mm | C175: point p | D175: 210 | E175: U
A176: PANNEAUX | B176: TROISPLIS EPICEA 5000 X 2050 ep 27 mm | C176: point p | D176: 241.5 | E176: U
A177: PANNEAUX | B177: TROISPLIS EPICEA 5000 X 2050 ep 40 mm | C177: point p | D177: 357 | E177: U
A178: PANNEAUX | B178: TROISPLIS EPICEA 5000 X 2050 ep 42 mm | C178: point p | D178: 367.5 | E178: U
...

Sheet trajets
A1: FRAIS DE DEPLACEMENT
A3: Désignation | I3: U | K3: Qt | L3: PU | M3: Total
A5: Côut trajet (Mappy. Sélectionner véhicule -3,5t et gazoil) | I5: U | M5: =K5*L5 -> 0
A6: Temps trajet donné pour 1 qualifié | I6: H | L6: 35 | M6: =K6*L6 -> 0
A7: Temps trajet donné pour 1 qualifié et 1 appentis | I7: H | L7: 45 | M7: =K7*L7 -> 0
A8: Temps trajet donné pour 2 qualifié et 1 appentis | I8: H | L8: 80 | M8: =K8*L8 -> 0
A9: Panier repas petit déplacement (quand ils rentrent a l'atelier le soir) | I9: F | L9: 10 | M9: =K9*L9 -> 0
A10: Panier repas grand déplacement (quand ils sont obligés de dormir a l'hotel) | I10: F | L10: 20 | M10: =K10*L10 -> 0
A11: Dîner | I11: F | L11: 20 | M11: =K11*L11 -> 0
A12: Nuit d'hôtel et petit déjeuner | I12: F | L12: 50 | M12: =K12*L12 -> 0
A14: TOTAL | M14: =SUM(M5:M12) -> 0

Sheet Feuil1
A2: Liste principal
A13: sous ensemble | B13: Désignation | C13: Fournisseur | D13: PU achat | E13: U | G13: sous ensemble | H13: Désignation | I13: Fournisseur | J13: PU achat | K13: U
A15: MASSIF PAYS | B15: CHENE 18 mm | C15: point p | D15: 1250 | E15: m3 | G15: MASSIF EXOTIQUE | H15: FRAKE AVIVE BARIOLE 27 mm | I15: point p | J15: 636 | K15: m3
A16: MASSIF PAYS | B16: CHENE 27 mm | C16: point p | D16: 1250 | E16: m3 | G16: MASSIF EXOTIQUE | H16: FRAKE AVIVE BARIOLE 34 mm | I16: point p | J16: 636 | K16: m3
A17: MASSIF PAYS | B17: CHENE 27 mm | C17: point p | D17: 1250 | E17: m3 | G17: MASSIF EXOTIQUE | H17: FRAKE AVIVE BARIOLE 41 mm | I17: point p | J17: 636 | K17: m3
A18: MASSIF PAYS | B18: CHENE 34 mm | C18: point p | D18: 1250 | E18: m3 | G18: MASSIF EXOTIQUE | H18: FRAKE AVIVE BARIOLE 45 mm | I18: point p | J18: 636 | K18: m3
A19: MASSIF PAYS | B19: CHENE 34 mm | C19: point p | D19: 1250 | E19: m3 | G19: MASSIF EXOTIQUE | H19: FRAKE AVIVE BARIOLE 54 mm | I19: point p | J19: 636 | K19: m3
A20: MASSIF PAYS | B20: CHENE 41 mm | C20: point p | D20: 1250 | E20: m3 | G20: MASSIF EXOTIQUE | H20: FRAKE AVIVE BARIOLE 65 mm | I20: point p | J20: 636 | K20: m3
A21: MASSIF PAYS | B21: CHENE 41 mm | C21: point p | D21: 1250 | E21: m3 | G21: MASSIF EXOTIQUE | H21: NIANGON 27 mm | I21: point p | J21: 826 | K21: m3
A22: MASSIF PAYS | B22: CHENE 45 mm | C22: point p | D22: 1250 | E22: m3 | G22: MASSIF EXOTIQUE | H22: NIANGON 34 mm | I22: point p | J22: 826 | K22: m3
A23: MASSIF PAYS | B23: CHENE 45 mm | C23: point p | D23: 1250 | E23: m3 | G23: MASSIF EXOTIQUE | H23: NIANGON 41 mm | I23: point p | J23: 826 | K23: m3
A24: MASSIF PAYS | B24: CHENE 54 mm | C24: point p | D24: 1250 | E24: m3 | G24: MASSIF EXOTIQUE | H24: NIANGON 45 mm | I24: point p | J24: 826 | K24: m3
A25: MASSIF PAYS | B25: CHENE 54 mm | C25: point p | D25: 1250 | E25: m3 | G25: MASSIF EXOTIQUE | H25: NIANGON 54 mm | I25: point p | J25: 826 | K25: m3
A26: MASSIF PAYS | B26: CHENE 65 mm | C26: point p | D26: 1250 | E26: m3 | G26: MASSIF EXOTIQUE | H26: NIANGON 65 mm | I26: point p | J26: 826 | K26: m3
A27: MASSIF PAYS | B27: CHENE 65 mm | C27: point p | D27: 1250 | E27: m3 | G27: MASSIF EXOTIQUE | H27: NIANGON 80 mm | I27: point p | J27: 826 | K27: m3
A28: MASSIF PAYS | B28: CHENE 80 mm | C28: point p | D28: 1250 | E28: m3
A29: MASSIF PAYS | B29: NOYER FR 18 mm | C29: point p | D29: 1602 | E29: m3
A30: MASSIF PAYS | B30: NOYER FR 27 mm | C30: point p | D30: 1191 | E30: m3
A31: MASSIF PAYS | B31: NOYER FR 35 mm | C31: point p | D31: 1191 | E31: m3
A32: MASSIF PAYS | B32: NOYER FR 40 mm | C32: point p | D32: 1191 | E32: m3
A33: MASSIF PAYS | B33: NOYER FR 50 mm | C33: point p | D33: 1191 | E33: m3
A34: MASSIF PAYS | B34: NOYER FR 60 mm | C34: point p | D34: 1191 | E34: m3
A35: MASSIF PAYS | B35: MERISIER 27 mm | C35: point p | D35: 1072 | E35: m3
A36: MASSIF PAYS | B36: MERISIER 34 mm | C36: point p | D36: 1079 | E36: m3
A37: MASSIF PAYS | B37: PIN NORD ROUGE NON CLASSE 25 x 225 | C37: point p | D37: 750 | E37: m3
A38: MASSIF PAYS | B38: PIN NORD ROUGE NON CLASSE 32 x 225 | C38: point p | D38: 591 | E38: m3
A39: MASSIF PAYS | B39: PIN NORD ROUGE NON CLASSE 38 x 225 | C39: point p | D39: 565 | E39: m3
... A69: MASSIF PAYS | B69: FRENE 65 mm | C69: point p | D69: 991 | E69: m3
